 Seeded DCSS version 0.28-a0-71-g84acfa7270 (webtiles) character file.

Game seed: 10339593656778830224 (custom seed)

108 Zeldest the Insei (level 4, -1/33 HPs)
             Began as a Demonspawn Transmuter on Aug 2, 2021.
             Slain by an orc (2 damage)
             ... on level 3 of the Dungeon.
             The game lasted 00:03:19 (2858 turns).

Zeldest the Insei (Demonspawn Transmuter)           Turns: 2858, Time: 00:03:19

Health: -1/33      AC:  8    Str: 10    XL:     4   Next: 58%
Magic:  7/7        EV: 12    Int: 20    God:
Gold:   62         SH:  0    Dex: 15    Spells: 6/7 levels left

rFire   . . .      SeeInvis .     - Unarmed
rCold   . . .      Faith    .   (no shield)
rNeg    . . .      Spirit   .   a - +0 robe
rPois   .          Reflect  .   (helmet restricted)
rElec   .          Harm     .   (no cloak)
rCorr   .          Rampage  .   (no gloves)
Will    .....                   (no boots)
Stlth   +.........              (no amulet)
HPRegen 0.11/turn               i - +6 ring of intelligence
MPRegen 0.10/turn               (no ring)

@: mighty, sanguine armoured, attractive, hasted, very quick
A: sanguine armour 1, horns 1
a: no special abilities


You were on level 3 of the Dungeon.
You visited 1 branch of the dungeon, and saw 3 of its levels.

You collected 62 gold pieces.

Inventory:

Armour
 a - a +0 robe (worn)
Jewellery
 f - an amulet of the acrobat
 i - a +6 ring of intelligence (left hand)
 l - an amulet of regeneration
Scrolls
 b - 4 scrolls of identify {unknown}
 c - a scroll of magic mapping {unknown}
 d - a scroll of enchant weapon
 e - a scroll of amnesia {unknown}
 g - a scroll of summoning {unknown}
 j - 2 scrolls of enchant armour {unknown}


   Skills:
 + Level 2.3 Fighting
 + Level 2.6 Dodging
 + Level 3.3 Unarmed Combat
 - Level 2.0 Spellcasting
 + Level 2.7 Transmutations


You had 6 spell levels left.
You knew the following spells:

 Your Spells              Type           Power      Damage    Failure   Level
a - Beastly Appendage     Tmut           24%        N/A       5%          1

Your spell library contained the following spells:

 Spells                   Type           Power      Damage    Failure   Level
 Wereblood                Tmut           12%        N/A       8%          2
 Spider Form              Tmut/Pois      3%         N/A       26%         3
 Ice Form                 Ice/Tmut       7%         N/A       65%         4


Dungeon Overview and Level Annotations

Branches:
Dungeon (3/15)

Altars:


Innate Abilities, Weirdness & Mutations

When seriously injured, your bleeding wounds create armour. (AC +6)
You have a pair of small horns on your head.


Message History

The orc is almost dead.
The orc hits you with a +0 club.
You hit the orc.
You kill the orc!
An orc priest comes into view. It is wielding a +0 short sword.
You closely miss the orc. You claw the orc, but do no damage.
The orc closely misses you.
You punch the orc!
You kill the orc!
The orc priest calls down the wrath of Beogh upon you.
Beogh smites you!
Your blood congeals into armour.
You are too injured to fight recklessly!
There is an open door here.
There's a creature in the doorway!
Your horns disappear.
Your talons disappear.
The orc priest looks satisfied for a moment.
The orc priest calls down the wrath of Beogh upon you.
Beogh smites you!
* * * LOW HITPOINT WARNING * * *
There is an open door here.
Okay, then.
It was a potion of haste.
You feel yourself speed up. The orc hits you but does no damage.
It was a potion of might.
You feel very mighty all of a sudden. The orc closely misses you.
It was a potion of mutation.
You feel extremely strange. A pair of horns grows on your head!
It was a potion of attraction.
You feel attractive to monsters. The orc hits you with a +0 hand axe.
* * * LOW HITPOINT WARNING * * *
You aren't carrying any items that you can evoke.
You aren't carrying any potions.
Unknown command.
As you read the scroll labelled QASITIRONEX, it crumbles to dust.
It is a scroll of enchant weapon.
You aren't carrying any weapons that can be enchanted.
The orc hits you with a +0 hand axe.
You die...

### ### #.. # ..# ######### #.###
.# ..# #.......# #.#.####.###
..########.......###.#.........
..'......'......oo....o......>#
..####.###......o###.#......#.##.
### #+# #####..@# #.#...###.....
#...# #.+..o'o).8.8. #...#
###...###.._.. ##### #...# 8.8.
#...# ... #...# ## #...# #####


You could see 2 orc priests and an orc.

Vanquished Creatures
  5 adders
  A worm (D:3)
  A dart slug (D:3)
  2 orcs (D:3)
  3 bats
  2 endoplasms
  10 goblins
  2 hobgoblins (D:2)
  6 jackals
  4 quokkas
  5 ball pythons
  5 frilled lizards
  6 kobolds
  3 rats
55 creatures vanquished.

Notes
Turn   | Place    | Note
-------+----------+-------------------------------------------
     0 | D:1      | Zeldest the Demonspawn Transmuter began the quest for the
                  | Orb.
     0 | D:1      | Reached XP level 1. HP: 15/15 MP: 3/3
   305 | D:1      | Gained mutation: When seriously injured, your bleeding
                  | wounds create armour. (AC +6) [demonic ancestry]
   305 | D:1      | Reached XP level 2. HP: 15/21 MP: 5/5
  1277 | D:1      | Reached skill level 3 in Unarmed Combat
  1488 | D:2      | Reached XP level 3. HP: 23/26 MP: 6/6
  2202 | D:2      | Reached XP level 4. HP: 7/33 MP: 7/7
  2835 | D:3      | Found a faded altar of an unknown god.
  2856 | D:3      | Gained mutation: You have a pair of small horns on your
                  | head. [potion of mutation]
  2857 | D:3      | HP: 1/33 [orc (4)]
  2858 | D:3      | Slain by an orc

Illustrated notes

Levels and vault maps discovered:
D:1:      heliophobic_arrival_glass_houses, layout_loops_ring, st_stairs_9,
          minmay_misc_feat_square
D:2:      layout_loops_ring
D:3:      layout_basic, chequers_ecumenical_altar_simple

Skill      XL: |  1  2  3 |
---------------+----------+-----
Transmutations | 2 |  2.7
Dodging        | 2 |  2.6
Unarmed Combat | 3 |  3.3
Fighting       | 2 |  2.3
Spellcasting   | |  2.0

Action                   |  1- 3 |  4- 6 || total
-------------------------+-------+-------++-------
Melee: Unarmed           |   112 |    37 ||   149
       Headbutt          |    10 |     5 ||    15
       Kick              |    12 |     7 ||    19
       Punch             |     2 |       ||     2
 Cast: Beastly Appendage |    18 |     6 ||    24
  Use: Potion            |     2 |     4 ||     6
       Scroll            |       |     1 ||     1
 Stab: Sleeping          |     3 |     1 ||     4
Armor: Robe              |    24 |     5 ||    29
       Skin              |     3 |       ||     3
Dodge: Dodged            |    77 |    20 ||    97

Table legend: (Time is in decaauts)
 A = Elapsed time spent in this place.
 B = Non-inter-level travel time spent in this place.
 C = Inter-level travel time spent in this place.
 D = Time resting spent in this place.
 E = Time spent auto-exploring this place.
 F = Levels seen in this place.
 G = Mean time per level.
                   A        B        C        D        E       F      G
               +--------+--------+--------+--------+--------+-----+--------+
         Total |   2851 |   2759 |     92 |    935 |   1436 |   3 |  950.3 |
       Dungeon |   2851 |   2759 |     92 |    935 |   1436 |   3 |  950.3 |
               +--------+--------+--------+--------+--------+-----+--------+

Top non-repeatable levels by time:
     D:1: 1438 daAuts
     D:2: 1031 daAuts
     D:3: 381 daAuts
